Mecha, lawful male human Knight --- ---- .. -- --... .- --......... .. -........... -. --- ...h..G.. |.. ---..------ -....hG...--..- .........-- -............. .........| ...........- -.........| ------ --........------)......- -...................................Gu...........| ---- | ---- --------......@-----.------- --- |..--|<...------ --- |............| -------------- Mecha the Gallant Experience level: 2 Strength: 16 Dexterity: 10 Constitution: 13 Intelligence: 8 Wisdom: 16 Charisma: 18 Health: 0(22) Energy: 19(19) Def: 8 Gold: 176 Moves: 1123 Dungeon seed: YphKdT5IamEklLRR Game ID: Mecha_1477348755 Your Inventory: Coins $ - 176 gold pieces Weapons a - a +1 long sword (weapon in hand) b - a +1 lance Armor n - an uncursed +0 helmet (being worn) q - an uncursed +0 small shield (being worn) r - an uncursed +0 pair of leather gloves (being worn) y - an uncursed +0 chain mail (being worn) Comestibles c - 10 uncursed apples d - 12 uncursed carrots i - an uncursed food ration Potions g - an uncursed potion of fruit juice k - an uncursed potion of extra healing Tools h - an expensive camera (0:96) Gems e - an uncursed worthless piece of orange glass z - an uncursed worthless piece of violet glass N - an uncursed worthless piece of yellowish brown glass Spells and supernatural/magical abilities: Name Level Category Fail Memory K - cure sickness 3 healing 100% 99% W - pray for help -- divine ? -- X - turn undead -- divine ? -- Y - supernatural jump -- ability ? -- Your skills at the end: Fighting Skills riding [Basic] Weapon Skills long sword [Basic] lance [Basic] Spellcasting Skills Final Attributes: You were piously aligned. You could jump. You are dead. Vanquished creatures: 2 coyotes a gnome 4 jackals 2 kobolds 2 goblins 2 grid bugs 3 lichens 3 newts 19 creatures vanquished. Voluntary challenges: You used a wielded weapon 11 times, starting on turn 498. You read items or engraved 6 times, starting on turn 906. You never genocided any monsters. You never polymorphed an object. You never changed form. You used no wishes. You never split a pudding. You never wrote Elbereth's name. You never violated your personal moral code. Dungeon overview: The Dungeons of Doom: levels 1 to 2 Level 1 an altar to Lugh, a fountain a long staircase Level 2 stairs to The Gnomish Mines The Gnomish Mines: Level 3 <- You were here stairs to The Dungeons of Doom History has recorded: On T:1 you entered the Dungeons of Doom to retrieve the Amulet of Yendor! On T:745 you advanced to experience level 2. On T:855 you reached level 2 of The Dungeons of Doom. On T:1104 you reached level 1 of The Gnomish Mines. Score breakdown: Gold: 176 ( 7646 points) Experience: 2 levels ( 5570 points) Exploration: 3 levels ( 6.12%) ( 6123 points) Discoveries: 2 items ( 0.81%) ( 2705 points) Valuables value: (no points given unless you survive) Artifact value: 0 ( 0 points) Variety of kills: 8 monsters ( 2.10%) ( 4347 points) Turncount: 1123 turns ( 0 points) Survival: died (score multiplied by 80%) Total score: 21112 Latest messages: You miss the gnome lord. The gnome lord wields a dagger! The daggers weld themselves to the gnome lord's hand! You miss the gnome lord. The saddled pony misses the gnome lord. The saddled pony bites the gnome lord. The gnome lord thrusts his dagger at the saddled pony. The gnome lord hits the saddled pony. The gnome lord thrusts his dagger. The gnome lord hits! You miss the gnome lord. The saddled pony hits the gnome lord. The saddled pony bites the gnome lord. The gnome lord thrusts his dagger at the saddled pony. The gnome lord hits the saddled pony. You miss the gnome lord. The gnome lord thrusts his dagger. The gnome lord hits! You miss the gnome lord. The gnome lord thrusts his dagger. The gnome lord hits! You die... Final status: Fare thee well Mecha the Knight, killed by a gnome lord... You died in The Gnomish Mines on dungeon level 3 with 21112 points, and 176 pieces of gold, after 1123 moves. You were level 2 with a maximum of 22 hit points when you died.